 Dungeon Crawl Stone Soup version 0.25.1-2-g60ff931df9 (webtiles) character file.

Game seed: 7260590579960642911

23 growler the Chiller (level 2, -1/20 HPs)
             Began as a Demigod Ice Elementalist on Oct 1, 2020.
             Slain by a killer bee zombie (5 damage)
             ... on level 2 of the Dungeon.
             The game lasted 00:02:15 (783 turns).

growler the Chiller (Demigod Ice Elementalist)       Turns: 783, Time: 00:02:16

Health: -1/20      AC:  2    Str: 11    XL:     2   Next: 54%
Magic:  5/7        EV: 12    Int: 19    God:
Gold:   62         SH:  0    Dex: 16    Spells: 4/5 levels left

rFire    . . .     SeeInvis .   j - +0 short sword (curse)
rCold    + . .     Gourm    .   (no shield)
rNeg     . . .     Faith    .   a - +0 robe
rPois    .         Spirit   .   (no helmet)
rElec    .         Reflect  .   (no cloak)
rCorr    .         Harm     .   (no gloves)
MR       .....                  (no boots)
Stlth    ++........             (no amulet)
HPRegen  0.06/turn              o - ring of protection from cold
MPRegen  0.10/turn              (no ring)

@: no status effects
A: high mp 1
a: no special abilities


You were on level 2 of the Dungeon.
You were not hungry.

You visited 1 branch of the dungeon, and saw 2 of its levels.

You collected 62 gold pieces.

Inventory:

Hand Weapons
 d - a +0 dagger
   (You took it off a goblin on level 1 of the Dungeon)
 j - a cursed +0 short sword (weapon)
   (You found it on level 2 of the Dungeon)
Armour
 a - a +0 robe (worn)
Jewellery
 o - a ring of protection from cold (left hand)
   (You found it on level 1 of the Dungeon)
Scrolls
 b - a scroll of remove curse {unknown}
 c - a scroll of identify {@r1}
 g - a scroll of magic mapping {unknown}
 i - a scroll of random uselessness {unknown}
Potions
 h - 2 potions of curing {unknown}
 k - a potion of heal wounds {unknown}
 l - a potion of berserk rage
Comestibles
 e - 3 rations {!d}
 f - 5 chunks of flesh


   Skills:
 - Level 1.7 Dodging
 - Level 1.7 Stealth
 - Level 2.0 Spellcasting
 + Level 4.3 Ice Magic


You had 4 spell levels left.
You knew the following spells:

 Your Spells              Type           Power        Failure   Level  Hunger
a - Freeze                Ice            ###.         3%          1    #......

Your spell library contained the following spells:

 Spells                   Type           Power        Failure   Level  Hunger
 Frozen Ramparts          Ice            ###...       9%          3    ###....
 Ozocubu's Armour         Chrm/Ice       ##......     22%         3    ###....
 Hailstorm                Conj/Ice       ##......     56%         4    #####..
 Summon Ice Beast         Ice/Summ       ##......     56%         4    #####..


Dungeon Overview and Level Annotations

Branches:
Dungeon (2/15)


Innate Abilities, Weirdness & Mutations

You have an increased reservoir of magic. (+10% MP)


Message History

a +0 dagger; a goblin corpse You butcher the goblin corpse.
f - 6 chunks of flesh (gained 2)
Things that are here:
a +0 dagger; a goblin skeleton
Things that are here:
a +0 dagger; a goblin skeleton A giant cockroach comes into view.
Some of the chunks of flesh in your inventory have rotted away.
The giant cockroach barely misses you.
You closely miss the giant cockroach. The giant cockroach barely misses you.
You hit the giant cockroach but do no damage.
The giant cockroach closely misses you. The giant cockroach barely misses you.
You hit the giant cockroach. The giant cockroach bites you.
You hit the giant cockroach.
You kill the giant cockroach!
You can't see any susceptible monsters within range! (Use Z to cast anyway.) Unknown command.
Found a sedimented black potion.
l - a sedimented black potion
Found a ring mail.
You see here a ring mail.
A kobold comes into view.
The kobold shouts!
The kobold moves out of view.
Found a hunting sling.
A worm comes into view.
Found a trident.
A killer bee zombie comes into view.
The kobold hits you.
A hobgoblin comes into view. It is quivering 6 poisoned darts.
Aim: a kobold You freeze the kobold!
You kill the kobold!
The hobgoblin shouts!
The hobgoblin throws a poisoned dart.
The poisoned dart barely misses you.
Aim: a killer bee zombie The killer bee zombie resists.
You freeze the killer bee zombie. The killer bee zombie hits you!
The killer bee zombie hits you.
* * * LOW HITPOINT WARNING * * *
The killer bee zombie hits you.
* * * LOW HITPOINT WARNING * * *
You see here a poisoned dart.
The killer bee zombie hits you.
* * * LOW HITPOINT WARNING * * *
As you read the scroll labeled HIZXU TAGGU, it crumbles to dust.
It is a scroll of identify.
l - a potion of berserk rage The killer bee zombie hits you.
You die...

.).. .. .). .
..#. #####
g.# #...# #†#
#####...#
#w##
....#...#
#.(#
....'...#
##Z##
....##'##
#.@# ....##.#
##.##
....##.# #..#
....##.######
##.##
....##......#
#..#
###########.#
##.## #.#
#[.# #.# ##.#
#.# #.#


You could see a worm, a killer bee zombie and a hobgoblin.

Vanquished Creatures
  A worm (D:2)
  2 leopard geckos (D:1)
  A bat (D:1)
  2 giant cockroaches (D:2)
  5 goblins
  A hobgoblin (D:1)
  2 kobolds
  A frilled lizard (D:1)
  A rat (D:1)
16 creatures vanquished.

Notes
Turn   | Place    | Note
-------+----------+-------------------------------------------
     0 | D:1      | growler the Demigod Ice Elementalist began the quest for
                  | the Orb.
     0 | D:1      | Reached XP level 1. HP: 14/14 MP: 5/5
   215 | D:1      | Reached skill level 4 in Ice Magic
   366 | D:1      | Reached XP level 2. HP: 20/20 MP: 5/7
   783 | D:2      | Slain by a killer bee zombie

Illustrated notes

Levels and vault maps discovered:
D:1:      lemuel_arrival_rhombus, layout_rooms
D:2:      layout_basic, first_ration, nicolae_ru_awakened_eye

Skill      XL: |  1 |
---------------+----+-----
Spellcasting   | 2 |  2.0
Ice Magic      | 4 |  4.3
Dodging        | |  1.7
Stealth        | |  1.7

Action                   || total
-------------------------++-------
Melee: Dagger            ||     4
       Short sword       ||     9
 Cast: Freeze            ||    23
  Use: Scroll            ||     1
 Stab: Sleeping          ||     1
Armor: Robe              ||     4
Dodge: Dodged            ||    17
